AoeStats
← mrguillemmm1

Arena

509831167Analyzed
1v1 RM · 5d ago on Sep 28, 2026· 50m 8s· 2 players
Game mode
Random Map
Map size
Tiny (2 player)
Population
200
Speed
Normal
Resources
Standard
Victory
Conquest
Starting age
Dark Age
Ending age
Imperial Age
RankedLock teamsTeams togetherTeam positionsShared explorationLock speedFull tech treeHidden civsTurbo modeCheats
Victory
Defeat
🇨🇳 Britons · China
726
+18
🇪🇸 Spanish · Spain
779
-38
今晚打老虎
0:39 Loom
11:23 Feudal Age
11:54 Double-Bit Axe
20:17 Castle Age
18:14 Horse Collar
18:29 Arson
18:53 Gold Mining
19:07 Stone Mining
20:02 Forging
21:41 Gold Shaft Mining
21:06 Town Watch
21:31 Squires
22:11 Heavy Plow
22:20 Pikeman
23:25 Bow Saw
25:07 Fletching
27:36 Iron Casting
28:53 Ballistics
28:29 Murder Holes
29:12 Wheelbarrow
29:35 Padded Archer Armor
29:56 Scale Mail Armor
32:19 Yeomen
32:07 Town Patrol
32:28 Hand Cart
33:47 Fortified Wall
36:50 Imperial Age
34:51 Herbal Medicine
35:15 Leather Archer Armor
34:56 Bodkin Arrow
35:17 Chain Mail Armor
35:27 Treadmill Crane
36:02 Masonry
38:53 Two-Man Saw
39:14 Conscription
38:38 Halberdier
38:44 Elite Longbowman
39:27 Warwolf
39:32 Bracer
40:33 Blast Furnace
40:53 Chemistry
40:28 Architecture
42:15 Ring Archer Armor
42:16 Plate Mail Armor
42:41 Theocracy
44:36 Hoardings
mrguillemmm1
0:32 Loom
11:39 Feudal Age
13:02 Wheelbarrow
12:15 Double-Bit Axe
13:07 Town Watch
18:06 Horse Collar
25:04 Gold Mining
25:05 Stone Mining
27:48 Castle Age
29:19 Husbandry
29:30 Bloodlines
29:41 Pikeman
30:22 Squires
30:40 Forging
30:21 Fletching
30:37 Scale Barding Armor
30:33 Padded Archer Armor
30:33 Scale Mail Armor
31:09 Hand Cart
30:55 Town Patrol
31:06 Caravan
31:32 Bow Saw
32:54 Stone Shaft Mining
33:21 Chain Barding Armor
33:37 Iron Casting
33:01 Bodkin Arrow
36:25 Fortified Wall
36:53 Heavy Plow
40:03 Imperial Age
41:11 Thumb Ring
42:51 Heavy Mounted Crossbowman
45:04 Blast Furnace
44:05 Bracer
44:41 Plate Barding Armor
44:23 Chain Mail Armor
44:23 Leather Archer Armor
48:02 Two-Man Saw
46:38 Onager
49:02 Cavalier
Connection lost

Rejoining the realm…

Still unreachable

The connection could not be restored.

Session expired

The server has moved on; the page needs a fresh start.